 Dungeon Crawl Stone Soup version 0.30-a0-964-gd452b5e7fa (webtiles) character file.

Game seed: 6731264045480688032

6 vishdafish the Conjurer (level 1, 0/13 HPs)
             Began as a Demonspawn Conjurer on Mar 31, 2023.
             Slain by a jackal (3 damage)
             ... on level 1 of the Dungeon.
             The game lasted 00:00:31 (157 turns).

vishdafish the Conjurer (Demonspawn Conjurer)        Turns: 157, Time: 00:00:32

Health: 0/13       AC:  2    Str:  7    XL:     1   Next: 75%
Magic:  3/3        EV: 12    Int: 19    God:
Gold:   11         SH:  0    Dex: 11    Spells: 3/4 levels left

rFire   . . .      SeeInvis .    (no weapon)
rCold   . . .      Faith    .    (no shield)
rNeg    . . .      Spirit   .    a - +0 robe
rPois   .          Reflect  .    (no helmet)
rElec   .          Rampage  .    (no cloak)
rCorr   .                        (no gloves)
Will    .....                    (no boots)
Stlth   ++                       (no amulet)
HPRegen 0.22/turn                (no ring)
MPRegen 0.08/turn                (no ring)

@: no status effects
A: no striking features
a: no special abilities


You were on level 1 of the Dungeon.
You visited 1 branch of the dungeon, and saw 1 of its levels.

You collected 11 gold pieces.

Inventory:

Armour
 a - a +0 robe (worn)


   Skills:
 - Level 1.7 Dodging
 - Level 1.7 Stealth
 + Level 2.2 Spellcasting
 + Level 4.1 Conjurations


You had 3 spell levels left.
You knew the following spells:

 Your Spells              Type           Power      Damage    Failure   Level
a - Magic Dart            Conj           72%        1d6       3%          1

Your spell library contained the following spells:

 Spells                   Type           Power      Damage    Failure   Level
 Searing Ray              Conj           36%        2d5       4%          2
 Sandblast                Erth           4%         2d4       17%         1
 Dazzling Flash           Conj/Hex       20%        N/A       22%         3
 Stone Arrow              Conj/Erth      20%        3d8       22%         3
 Passwall                 Tmut/Erth      1%         N/A       26%         2
 Fulminant Prism          Conj/Hex       5%         3d7       56%         4
 Iskenderun's Mystic Bla  Conj/Tloc      10%        2d4       56%         4


Dungeon Overview and Level Annotations

Branches:
Dungeon (1/15)

Altars:


Message History

You miscast Magic Dart.
You are very lightly contaminated with residual magic.
Nothing appears to happen.
You are out of magic!
You are out of magic!
The jackal bites you. The jackal barely misses you.
You hit the jackal.
The jackal is almost dead.
The jackal bites you.
You barely miss the jackal.
The jackal is almost dead.
The jackal completely misses you. The jackal barely misses you.
You barely miss the jackal.
The jackal is almost dead.
The jackal barely misses you.
You completely miss the jackal.
The jackal is almost dead.
The jackal bites you.
You hit the jackal but do no damage.
The jackal is almost dead.
The jackal misses you. The jackal bites you.
Your magical contamination has completely faded away.
You hit the jackal but do no damage.
The jackal is almost dead.
The jackal barely misses you.
You barely miss the jackal.
The jackal is almost dead.
The jackal bites you but does no damage.
The jackal bites you.
You closely miss the jackal.
The jackal is almost dead.
The jackal bites you.
A frilled lizard comes into view.
The frilled lizard hisses angrily.
You hit the jackal but do no damage.
The jackal is almost dead.
The jackal bites you.
* * * LOW HITPOINT WARNING * * *
Magic courses through your body. The jackal misses you. The jackal bites you.
You die...

...?.........#
.............#
.....l..(.....###
.................
..............##
.#.##.##.....##.....#..###
...........>......##.~~~.
..........#...)h## ~~~
#..........#..@.###♣~♣###
.##...............#.##~##.#
........[..#####.##..'~'..#
...............#..#<##~##.#
#...(...# #.##.###P~♣###
#.......# #....##~~~~♣#
######..#####.###.~~~.#
..#######...###....>.♣####
...........................


You could see a jackal and a frilled lizard.

Vanquished Creatures
  A giant cockroach (D:1)
  A goblin (D:1)
  2 jackals (D:1)
  A frilled lizard (D:1)
5 creatures vanquished.

Notes
Turn   | Place    | Note
-------+----------+-------------------------------------------
     0 | D:1      | vishdafish the Demonspawn Conjurer began the quest for the
                  | Orb.
     0 | D:1      | Reached XP level 1. HP: 13/13 MP: 3/3
   157 | D:1      | Slain by a jackal

Illustrated notes

Levels and vault maps discovered:
D:1:      sevenhm_arrival_forest_fort_small_4, layout_rooms,
          shapermc_ecumenical_altar_mp_ritualfount, minmay_misc_feat_rugged

Action                     || total
---------------------------++-------
  Melee: Unarmed           ||    16
  Throw: Javelin           ||     3
   Cast: Magic Dart        ||     7
    Use: Potion            ||     1
 Armour: Robe              ||     1
  Dodge: Dodged            ||    11

Table legend: (Time is in decaauts)
 A = Elapsed time spent in this place.
 B = Non-inter-level travel time spent in this place.
 C = Inter-level travel time spent in this place.
 D = Time resting spent in this place.
 E = Time spent auto-exploring this place.
 F = Levels seen in this place.
 G = Mean time per level.
                   A        B        C        D        E       F      G
               +--------+--------+--------+--------+--------+-----+--------+
         Total |    162 |    162 |      0 |      0 |    105 |   1 |  162.0 |
       Dungeon |    162 |    162 |      0 |      0 |    105 |   1 |  162.0 |
               +--------+--------+--------+--------+--------+-----+--------+

Top non-repeatable levels by time:
     D:1: 162 daAuts
